 Dungeon Crawl Stone Soup version 0.29.1-1-gd02db6906a (webtiles) character file.

Game seed: 7001693253108427780

133 hawla the Firebug (level 5, 0/38 HPs)
             Began as a Meteoran Fire Elementalist on Oct 3, 2022.
             Slain by a gnoll
             ... wielding a +0 halberd
              (9 damage)
             ... on level 3 of the Dungeon.
             The game lasted 00:04:46 (1215 turns).

hawla the Firebug (Meteoran Fire Elementalist)      Turns: 1215, Time: 00:04:47

Health: 0/38       AC:  3    Str: 10    XL:     5   Next: 67%
Magic:  11/11      EV: 12    Int: 18    God:
Gold:   57         SH:  0    Dex: 14    Spells: 4/11 levels left

rFire   . . .      SeeInvis .   h - staff of conjuration
rCold   . . .      Faith    .   (no shield)
rNeg    . . .      Spirit   .   a - +0 robe
rPois   .          Reflect  .   (no helmet)
rElec   .          Harm     .   (no cloak)
rCorr   .          Rampage  .   (no gloves)
Will    .....                   f - +0 pair of boots
Stlth   +.........              (no amulet)
HPRegen 0.12/turn               (no ring)
MPRegen 0.12/turn               (no ring)

@: glowing
A: sense surroundings 1, otherworldly, glowing, explore regen
a: no special abilities


You were on level 3 of the Dungeon.
You visited 1 branch of the dungeon, and saw 3 of its levels.

You collected 57 gold pieces.

Inventory:

Armour
 a - a +0 robe (worn)
 f - a +0 pair of boots (worn)
Magical Staves
 h - a staff of conjuration (weapon)
Scrolls
 c - a scroll of silence {unknown}
 e - 2 scrolls of teleportation {unknown}
 i - a scroll of enchant armour {unknown}
 l - a scroll of enchant weapon {unknown}
Potions
 b - a potion of magic
 d - 2 potions of attraction
 g - a potion of brilliance {unknown}
 j - 2 potions of berserk rage {unknown}
 k - a potion of flight {unknown}


   Skills:
 - Level 2.8 Dodging
 - Level 1.4 Stealth
 - Level 3.9 Spellcasting
 * Level 2.5 Conjurations
 * Level 5.5 Fire Magic


You had 4 spell levels left.
You knew the following spells:

 Your Spells              Type           Power      Damage    Failure   Level
a - Foxfire               Conj/Fire      100%       2x1d9     2%          1
b - Scorch                Fire           46%        2d7       2%          2
c - Flame Wave            Conj/Fire      27%        2d9       28%         4

Your spell library contained the following spells:

 Spells                   Type           Power      Damage    Failure   Level
 Conjure Flame            Conj/Fire      27%        6-21      9%          3
 Inner Flame              Hex/Fire       13%        N/A       14%         3


Dungeon Overview and Level Annotations

Branches:
Dungeon (3/15) Zot: 593

Altars:

Shops:
D:2 (

Annotations:
D:2 1 runed translucent door, Crazy Yiuf


Innate Abilities, Weirdness & Mutations

You passively map a small area around you.
You are easily found by Zot.
You glow in the dark.
You regain HP and MP as you explore.


Message History

The gnoll is severely wounded.
The foxfire hits the gnoll.
You kill the gnoll!
A hobgoblin comes into view.
There is a stone staircase leading up here.
The gnoll misses you.
You climb upwards.
Level annotation: 1 runed translucent door, Crazy Yiuf
There is a stone staircase leading down here.
You start waiting.
HP restored.
You climb downwards.
The gnoll closely misses you.
There is a stone staircase leading up here.
Casting: Foxfire (safe; 2% risk of failure)
Confirm with . or Enter, or press ? or * to list all spells.
Flames lash the gnoll.
The gnoll is severely wounded.
The gnoll's fire resistance burns away.
The goblin hits you with a +0 dagger. The gnoll hits you with a +0 halberd.
Casting: Scorch (safe; 2% risk of failure)
Confirm with . or Enter, or press ? or * to list all spells.
You feel a surge of power!
You conjure some foxfire!
The gnoll barely misses you. The goblin misses you.
Your foxfire dissipates!
The foxfire hits the gnoll but does no damage.
The gnoll is severely wounded.
The gnoll hits you from afar with a +0 halberd!
Casting: Foxfire (safe; 2% risk of failure)
Confirm with . or Enter, or press ? or * to list all spells.
You feel a surge of power!
You conjure some foxfire!
The foxfire hits the goblin.
The goblin is moderately wounded.
The gnoll hits you from afar with a +0 halberd!
* * * LOW HITPOINT WARNING * * *
Magic courses through your body.
The foxfire hits the goblin!
You kill the goblin!
The hobgoblin hits you.
* * * LOW HITPOINT WARNING * * *
The gnoll hits you from afar with a +0 halberd!
You die...

, ## ***
** * ...,
, * * ,
,.. ** *
* #.####
*
#..[)###*
* * * ,
#@gg# * *
###).# ,
##)... ,
, ....# *
* * * *
.#.... *
* .#...##
.# .... *
,.. .##.
* , ** ,


You could see a gnoll (combustible) and a hobgoblin.

Vanquished Creatures
  5 adders (D:2)
  3 gnolls (D:3)
  3 worms (D:2)
  A dart slug (D:1)
  4 ball pythons
  6 endoplasms
  3 giant cockroaches
  6 goblins
  2 hobgoblins (D:2)
  4 quokkas
  A bat (D:1)
  2 frilled lizards (D:2)
  3 kobolds
  4 rats
47 creatures vanquished.

Vanquished Creatures (others)
  89 foxfires
89 creatures vanquished.

Grand Total: 136 creatures vanquished

Notes
Turn   | Place    | Note
-------+----------+-------------------------------------------
     0 | D:1      | hawla the Meteoran Fire Elementalist began the quest for
                  | the Orb.
     0 | D:1      | Reached XP level 1. HP: 14/14 MP: 5/5
   209 | D:1      | Reached XP level 2. HP: 20/20 MP: 3/6
   221 | D:1      | Learned a level 2 spell: Scorch
   234 | D:1      | Reached skill level 4 in Fire Magic
   500 | D:1      | Glimpsed the power of Zot.
   657 | D:2      | Reached XP level 3. HP: 26/26 MP: 2/8
   751 | D:2      | Reached XP level 4. HP: 33/33 MP: 6/10
   841 | D:2      | Reached XP level 5. HP: 22/38 MP: 0/11
   846 | D:2      | Learned a level 4 spell: Flame Wave
   891 | D:2      | Found Dyag's Antique Weapon Boutique.
   923 | D:2      | Found a runed translucent door.
   924 | D:2      | Noticed Crazy Yiuf
  1110 | D:2      | Glimpsed the power of Zot.
  1120 | D:2      | Reached skill level 5 in Fire Magic
  1159 | D:2      | Glimpsed the power of Zot.
  1215 | D:3      | Slain by a gnoll

Illustrated notes

Levels and vault maps discovered:
D:1:      nagdon_arrival_double_spiral, layout_loops_ring,
          hellmonk_ecumenical_altar_leap_of_faith, serial_shops,
          nicolae_shop_stone
D:2:      layout_rooms, serial_rivers, chequers_serial_rivers_micro_e,
          chequers_serial_rivers_micro_e, chequers_serial_rivers_large_a,
          chequers_serial_rivers_micro_e, serial_shops, shop, minmay_vboxes,
          uniq_crazy_yiuf_cottage
D:3:      layout_rooms, mainiacjoe_overflow_alcove_2

Skill      XL: |  1  2  3  4  5 |
---------------+----------------+-----
Fire Magic     | 4 5 |  5.5
Spellcasting   | 3 |  3.9
Conjurations   | 2 |  2.5
Dodging        | |  2.8
Stealth        | |  1.4

Action                   |  1- 3 |  4- 6 || total
-------------------------+-------+-------++-------
Melee: Unarmed           |     2 |       ||     2
       Staff             |       |    21 ||    21
 Cast: Foxfire           |    36 |    24 ||    60
       Scorch            |     6 |    13 ||    19
  Use: Scroll            |     1 |       ||     1
       Potion            |       |     4 ||     4
Armor: Robe              |     3 |     9 ||    12
Dodge: Dodged            |    14 |    33 ||    47
